 Dungeon Crawl Stone Soup version 0.30-a0-358-g0d69a1922f (webtiles) character file.

Game seed: 567594152511180311

16864 Manisia the Slicer (level 12, -6/62 HPs)
             Began as a Spriggan Enchanter on Nov 9, 2022.
             Was a Follower of Dithmenos.
             Mangled by Urug
             ... wielding a +6 demon trident
              (24 damage)
             ... on level 2 of the Lair of Beasts.
             The game lasted 00:36:10 (14730 turns).

Manisia the Slicer (Spriggan Enchanter)            Turns: 14730, Time: 00:36:10

Health: -6/62      AC:  3    Str:  7    XL:     12   Next: 13%
Magic:  23/25      EV: 24    Int: 19    God:    Dithmenos [*.....]
Gold:   557        SH:  0    Dex: 20    Spells: 17/28 levels left

rFire   + . .      SeeInvis +    u - +8 Vampire's Tooth {vamp}
rCold   + . .      Faith    .    (no shield)
rNeg    . . .      Spirit   .    b - +0 robe
rPois   +          Reflect  .    (helmet restricted)
rElec   .          Harm     .    g - +0 cloak
rCorr   .          Rampage  .    (gloves unavailable)
Will    ++...                    (boots unavailable)
Stlth   +++++++...               F - amulet of magic regeneration
HPRegen 0.30/turn                J - ring "Wulocebb" {rPois rC+ Str+3 Dex+2 Stlth+}
MPRegen 0.59/turn                f - ring of protection from fire

@: wreathed by umbra, very quick
A: very small, no large weapons, unfitting armour, see invisible, speed 3
a: Renounce Religion


You were on level 2 of the Lair of Beasts.
You worshipped Dithmenos.
Dithmenos was aware of your devotion.
You visited 3 branches of the dungeon, and saw 15 of its levels.

You collected 1436 gold pieces.
You spent 879 gold pieces at shops.

Inventory:

Hand Weapons
 a - a +2 dagger
 i - a +4 arbalest
 n - a +3 dagger of flaming
 q - a +2 dagger of pain
 u - the +8 Vampire's Tooth (weapon) {vamp}
   (You bought it in a shop on level 4 of the Dungeon)

   It occasionally heals its wielder for the full amount of damage dealt when it
   wounds a living foe.
Missiles
 l - 17 poisoned darts (quivered)
Armour
 b - a +0 robe (worn)
 g - a +0 cloak (worn)
Jewellery
 f - a ring of protection from fire (right hand)
 r - an amulet of faith
 F - an amulet of magic regeneration (around neck)
 J - the ring "Wulocebb" (left hand) {rPois rC+ Str+3 Dex+2 Stlth+}
   (You acquired it on level 1 of the Lair of Beasts)

   [ring of protection from cold]

   Str:       It affects your strength (+3).
   Dex:       It affects your dexterity (+2).
   rC:        It protects you from cold.
   rPois:     It protects you from poison.
   Stlth:     It makes you more stealthy.
Wands
 e - a wand of paralysis (18)
 h - a wand of mindburst (4)
 k - a wand of digging (5)
 v - a wand of flame (16)
 z - a wand of roots (2)
Scrolls
 c - a scroll of butterflies
 m - 6 scrolls of teleportation
 C - a scroll of amnesia
 D - a scroll of identify
 E - a scroll of magic mapping
 G - a scroll of poison
Potions
 d - 3 potions of mutation
 j - a potion of ambrosia
 o - a potion of degeneration
 p - a potion of magic
 s - 2 potions of brilliance
 t - a potion of cancellation
 w - a potion of resistance
 x - 3 potions of lignification
 A - 5 potions of curing
 B - 2 potions of might
 H - a potion of haste
 I - a potion of heal wounds


   Skills:
 + Level 6.5 Fighting
 + Level 12.7 Short Blades
 - Level 0.3(6.1) Long Blades
 - Level 0.2(0.4) Axes
 - Level 0.1(0.3) Maces & Flails
 - Level 0.1(0.3) Polearms
 - Level 0.3(0.4) Staves
 - Level 0.5 Ranged Weapons
 - Level 0.7 Throwing
 - Level 0.1 Armour
 + Level 8.9 Dodging
 - Level 10.0 Stealth
 - Level 0.3 Shields
 - Level 0.3 Unarmed Combat
 + Level 8.5 Spellcasting
 - Level 2.0 Conjurations
 + Level 8.1 Hexes
 - Level 0.2 Summonings
 - Level 0.2 Necromancy
 - Level 0.6 Translocations
 - Level 0.6 Transmutations
 - Level 0.5 Fire Magic
 + Level 3.1 Ice Magic
 - Level 0.3 Air Magic
 - Level 0.3 Earth Magic
 - Level 0.4 Poison Magic
 - Level 0.6 Invocations
 - Level 4.0 Evocations


You had 17 spell levels left.
You knew the following spells:

 Your Spells              Type           Power      Damage    Failure   Level
a - Ensorcelled Hibernat  Hex/Ice        58%        N/A       1%          2
b - Confusing Touch       Hex            39%        N/A       1%          3
c - Dazzling Flash        Conj/Hex       54%        N/A       3%          3
d - Tukima's Dance        Hex            39%        N/A       1%          3

Your spell library contained the following spells:

 Spells                   Type           Power      Damage    Failure   Level
 Magic Dart               Conj           60%        1d6       3%          1
 Inner Flame              Hex/Fire       24%        N/A       4%          3
 Foxfire                  Conj/Fire      48%        2x1d6     5%          1
 Shock                    Conj/Air       48%        1d6       5%          1
 Searing Ray              Conj           30%        2d5       6%          2
 Static Discharge         Conj/Air       24%        2-3/arc   9%          2
 Scorch                   Fire           20%        2d6       11%         2
 Fulminant Prism          Conj/Hex       13%        3d8       11%         4
 Stone Arrow              Conj/Erth      24%        3d8       16%         3
 Swiftness                Air            9%         N/A       22%         3
 Vhi's Electric Charge    Tloc/Air       20%        N/A       22%         3
 Metabolic Englaciation   Hex/Ice        14%        N/A       24%         5
 Flame Wave               Conj/Fire      12%        2d6       45%         4
 Iskenderun's Mystic Bla  Conj/Tloc      13%        2d5       45%         4
 Sticky Flame             Conj/Fire      12%        2d4       45%         4
 Petrify                  Tmut/Erth      10%        N/A       56%         4
 Airstrike                Air            4%         2d(1-17)  58%         4
 Animate Armour           Summ/Erth      18%        N/A       58%         4
 Summon Lightning Spire   Summ/Air       9%         N/A       58%         4
 Fireball                 Conj/Fire      6%         3d5       82%         5
 Arcjolt                  Conj/Air       6%         1d16      83%         5
 Lightning Bolt           Conj/Air       6%         1d18      83%         5
 Starburst                Conj/Fire      6%         6d4       100%        6
 Statue Form              Tmut/Erth      6%         N/A       100%        6
 Summon Cactus Giant      Summ           4%         N/A       100%        6
 Lehudib's Crystal Spear  Conj/Erth      6%         10d3      100%        8


Dungeon Overview and Level Annotations

Branches:
Dungeon (12/15)            Temple (1/1) D:6            Lair (2/5) D:8
    Orc (0/2) D:12
  Swamp: Lair:2-3    Shoals: Lair:2-3     Snake: Lair:2-3    Spider: Lair:2-3

Altars:
Ashenzari
Cheibriados
Dithmenos
Elyvilon
Fedhas
Gozag
Hepliaklqana
Kikubaaqudgha
Makhleb
Nemelex Xobeh
Okawaru
Qazlal
Ru
Trog
Uskayaw
Vehumet
Wu Jian
Xom
Yredelemnul
Zin
The Shining One

Shops:
D:4 [*!(   D:5 *   D:7 [   D:8 *

Annotations:
D:6 3 runed translucent doors, baller8008's ghost, novice GnFi
D:9 exclusion: downstairs
D:11 exclusions: boulder beetle, cyclops and 2 more exclusions
Lair:2 Urug


Innate Abilities, Weirdness & Mutations

You are very small and have problems with some larger weapons.
You are too small for most types of armour.
You have supernaturally acute eyesight. (SInv)
You cover ground extremely quickly. (Speed+++)


Message History

You kill the yak!
Dithmenos accepts your kill. The yak gores you but does no damage.
The yak closely misses you.
Urug throws a javelin.
The javelin closely misses you.
You puncture the yak!
You feel better.
The yak is moderately wounded.
You barely miss the yak.
The yak is moderately wounded.
You hit the yak.
You feel better.
The yak is moderately wounded.
You barely miss the yak.
The yak is moderately wounded.
The yak is no longer blind.
The yak closely misses you. x2
Urug hits you from afar with a +6 demon trident!!
The yak completely misses you.
You hit the yak.
You feel better.
The yak is heavily wounded.
You hit the yak but do no damage.
The yak is heavily wounded.
The yak is no longer blind.
The yak misses you.
You hit the yak.
You feel better.
The yak is lightly wounded.
You strike the helpless yak from behind!
You spit the yak like a pig!!!
You feel better.
You kill the yak!
Dithmenos accepts your kill. The yak misses you.
Urug hits you from afar with a +6 demon trident!!
Ouch! That really hurt!
Aiming: Corrosive Bolt
Press: ? - help, Q - select action, (/) - cycle Shift-Dir - straight line The bolt of acid hits the yak!
The acid corrodes the yak!
The yak is moderately wounded.
The bolt of acid hits Urug!
Urug is lightly wounded.
The now-empty wand crumbles to dust.
The yak is no longer blind.
The yak gores you!
* * * LOW HITPOINT WARNING * * *
Urug hits you from afar with a +6 demon trident!!
You die...

PP...?..## #..........
...........###.P.......P
...........#.....P......
#.........#.P.P#'''''#P .
#.......#!....##.....##
.P#....#.......P+...#...+
.......#........+..<#<..+
......#Y........+.##.##.+
......†Y@.......+..>#<..+
...#...Y.......P+...#...+
#....o.........##.....##
#.........#..P.P#+++++#
#......####........
#....[. .##..P.. .......
.# !.. ....... .# ..


You could see Urug and 3 yaks.

Vanquished Creatures
  Erica (D:8)
  3 two-headed ogres
  Pikel (D:7)
  A cyclops (D:11)
  Joseph (D:8)
  A black mamba (Lair:1)
  3 komodo dragons
  A freezing wraith (D:11)
  3 trolls
  9 blink frogs (Lair:1)
  A shadow (D:12)
  6 wyverns
  Sigmund (D:6)
  A wraith (D:10)
  Eustachio (D:6)
  16 yaks
  5 vampire mosquitoes
  A steam dragon (D:8)
  Menkaure (D:4)
  3 water moccasins
  2 acid dragons
  Duvessa (D:7)
  3 orc warriors
  3 ice beasts
  2 black bears
  3 sky beasts
  3 ogres
  5 centaurs
  A lemure (D:7)
  A phantom (D:5)
  A kobold brigand (D:8)
  5 bullfrogs
  A gnoll sergeant (D:10)
  A necrophage (D:6)
  A scorpion (D:7)
  7 wights
  A water moccasin zombie (D:3)
  Dowan (D:7)
  10 killer bees
  9 howler monkeys
  A jelly (D:6)
  4 orc priests
  5 hounds
  2 gnoll boudas
  Ijyb (D:4)
  Natasha (D:4)
  5 iguanas
  8 orc wizards
  A hound zombie (D:3)
  10 gnolls
  6 adders
  3 river rats (D:3)
  A shadow imp (D:8)
  2 white imps
  2 worms
  4 dart slugs
  37 orcs
  6 endoplasms
  9 giant cockroaches
  3 goblins
  6 hobgoblins
  6 jackals (D:1)
  7 ball pythons
  3 bats
  5 frilled lizards
  2 giant cockroach zombies (D:3)
  13 kobolds
  6 rats
280 creatures vanquished.

Vanquished Creatures (others)
  A dancing weapon (D:4)
  A fungus (Lair:1)
  10 plants
12 creatures vanquished.

Grand Total: 292 creatures vanquished

Notes
Turn   | Place    | Note
-------+----------+-------------------------------------------
     0 | D:1      | Manisia the Spriggan Enchanter began the quest for the Orb.
     0 | D:1      | Reached XP level 1. HP: 9/9 MP: 5/5
    95 | D:1      | Reached XP level 2. HP: 4/13 MP: 6/6
    98 | D:1      | Learned a level 2 spell: Ensorcelled Hibernation
   265 | D:1      | Found a faded altar of an unknown god.
   279 | D:1      | Reached skill level 2 in Short Blades
   642 | D:1      | Reached XP level 3. HP: 11/16 MP: 1/8
   731 | D:1      | Learned a level 3 spell: Confusing Touch
  1590 | D:2      | Reached skill level 5 in Stealth
  1688 | D:3      | Reached XP level 4. HP: 21/21 MP: 9/9
  1701 | D:3      | Reached skill level 3 in Short Blades
  1846 | D:3      | Reached skill level 1 in Ice Magic
  2218 | D:3      | Reached XP level 5. HP: 22/25 MP: 8/11
  2222 | D:3      | Learned a level 3 spell: Dazzling Flash
  2247 | D:3      | Found a basalt altar of Yredelemnul.
  3183 | D:4      | Found Agrown's Antique Armour Shop.
  3187 | D:4      | Bought a cloak for 99 gold pieces
  3293 | D:4      | Noticed an ogre
  3298 | D:4      | Learned a level 3 spell: Tukima's Dance
  3350 | D:4      | Killed an ogre
  3351 | D:4      | Reached skill level 4 in Short Blades
  3351 | D:4      | Reached skill level 5 in Hexes
  3351 | D:4      | Reached XP level 6. HP: 24/29 MP: 2/12
  3664 | D:4      | Noticed Menkaure
  3671 | D:4      | Killed Menkaure
  3745 | D:4      | Found Xuog Deudwiu's Weapon Emporium.
  3750 | D:4      | Noticed Natasha
  3758 | D:4      | Killed Natasha
  3809 | D:4      | Noticed an air elemental
  3811 | D:4      | Found a stormy altar of Qazlal.
  3814 | D:4      | Noticed a fire elemental
  3814 | D:4      | Noticed a water elemental
  3895 | D:4      | Found Wofetar's Distillery.
  3977 | D:4      | Found Heyb Cergh's General Store.
  3978 | D:4      | Noticed an ice beast
  3981 | D:4      | Killed an ice beast
  3982 | D:4      | Reached skill level 5 in Short Blades
  3982 | D:4      | Reached XP level 7. HP: 32/32 MP: 13/15
  4009 | D:4      | Noticed Ijyb
  4016 | D:4      | Killed Ijyb
  4017 | D:4      | Reached skill level 1 in Fighting
  4017 | D:4      | Reached skill level 5 in Spellcasting
  4279 | D:4      | Identified a scroll of acquirement
  4339 | D:4      | Acquired 423 gold pieces
  4387 | D:5      | Entered Level 5 of the Dungeon
  4440 | D:5      | Found Qoakiaf's Neck Hole.
  4787 | D:5      | Found a blossoming altar of Fedhas.
  4792 | D:5      | Reached skill level 6 in Short Blades
  4883 | D:5      | Reached XP level 8. HP: 37/37 MP: 13/18
  5071 | D:5      | Found an iron altar of Okawaru.
  5104 | D:5      | Found a hide-covered altar of Uskayaw.
  5812 | D:6      | Noticed Sigmund
  5833 | D:6      | Killed Sigmund
  5834 | D:6      | Reached skill level 7 in Short Blades
  6004 | D:6      | Noticed Eustachio
  6011 | D:6      | Killed Eustachio
  6077 | D:6      | Found a staircase to the Ecumenical Temple.
  6144 | D:6      | You fall into a shaft and drop 3 floors!
  6167 | D:8      | Reached skill level 8 in Short Blades
  6192 | D:7      | Noticed Pikel
  6241 | D:7      | Noticed Duvessa
  6255 | D:7      | Killed Pikel
  6256 | D:7      | Reached XP level 9. HP: 31/42 MP: 13/20
  6313 | D:7      | Noticed Dowan
  6342 | D:7      | Killed Duvessa
  6346 | D:7      | Killed Dowan
  6562 | D:6      | Reached skill level 9 in Short Blades
  6619 | D:6      | Found a glowing golden altar of the Shining One.
  6885 | D:4      | Bought the +8 Vampire's Tooth {vamp} for 780 gold pieces
  6885 | D:4      | Found the +8 Vampire's Tooth {vamp}
  7113 | D:6      | Found a runed translucent gate.
  7113 | D:6      | Found a runed translucent gate.
  7113 | D:6      | Found a runed translucent gate.
  7115 | D:6      | Identified the +7 plate armour of the Realm of Zot {rPois
                  | Will++ MP-9 Str+4}
  7135 | D:6      | Noticed baller8008's ghost (novice GnFi)
  7279 | D:6      | Found a white marble altar of Elyvilon.
  7512 | D:7      | Found a glowing silver altar of Zin.
  7512 | D:7      | Found a sacrificial altar of Ru.
  7683 | D:7      | Found Pyudeducio's Antique Armour Shop.
  8109 | D:8      | Reached skill level 10 in Short Blades
  8138 | D:8      | Noticed a two-headed ogre
  8145 | D:8      | Killed a two-headed ogre
  8146 | D:8      | Reached XP level 10. HP: 49/49 MP: 16/21
  8160 | D:8      | Reached skill level 11 in Short Blades
  8240 | D:8      | Found a staircase to the Lair.
  8240 | D:8      | Noticed a two-headed ogre
  8287 | D:8      | Killed a two-headed ogre
  8288 | D:8      | Reached skill level 1 in Evocations
  8571 | D:8      | Noticed Erica
  8591 | D:8      | Killed Erica
  8592 | D:8      | Reached skill level 12 in Short Blades
  9066 | D:8      | Found Xidah's General Store.
  9399 | D:8      | Noticed Joseph
  9415 | D:8      | Killed Joseph
  9736 | D:9      | Reached skill level 5 in Fighting
 10007 | D:9      | Reached skill level 5 in Dodging
 10007 | D:9      | Reached XP level 11. HP: 56/56 MP: 19/22
 10528 | D:10     | Entered Level 10 of the Dungeon
 10755 | D:10     | Noticed a two-headed ogre
 10762 | D:10     | Killed a two-headed ogre
 10763 | D:10     | Reached skill level 1 in Conjurations
 12609 | D:11     | Noticed a boulder beetle
 13150 | D:12     | Found a staircase to the Orcish Mines.
 13150 | D:12     | Noticed an orc knight
 13318 | Temple   | Entered the Ecumenical Temple
 13327 | Temple   | Became a worshipper of Dithmenos the Shadowed
 13462 | Lair:1   | Entered Level 1 of the Lair of Beasts
 14059 | Lair:1   | Reached * piety under Dithmenos
 14152 | Lair:1   | Reached XP level 12. HP: 62/62 MP: 15/25
 14319 | Lair:1   | Acquired the ring "Wulocebb" {rPois rC+ Str+3 Dex+2 Stlth+}
 14699 | Lair:2   | Reached skill level 10 in Stealth
 14703 | Lair:2   | Noticed Urug
 14730 | Lair:2   | Mangled by Urug

Illustrated notes

Levels and vault maps discovered:
D:1:      ebering_trefoil_twist, layout_basic,
          shapermc_ecumenical_altar_starsandcircs, minmay_stone_trees_medium
D:2:      layout_basic, reono_crystal_passage, kennysheep_generic_room_7
D:3:      layout_basic, nicolae_yredelemnul_corpse_copse, portal_sewer_entry_e
D:4:      layout_loops_ring, nicolae_qazlal_style_of_elements, serial_shops,
          nicolae_shop_hallway_stairs, kennysheep_little_box,
          nicolae_shop_crystal, shop_coins, minmay_unequal, uniq_natasha,
          uniq_menkaure, uniq_ijyb
D:5:      layout_basic, fedhas_bush_and_centaur_altar,
          mainiacjoe_overflow_catch_the_wave, nicolae_shop_sticking_my_neck_out
D:6:      layout_rooms, nicolae_elyvilon_temple_path, tso_metal_star,
          minmay_temple_entry_statues_pillars, biasface_ghost_orc_armoury,
          uniq_sigmund, uniq_eustachio
D:7:      layout_basic, mainiacjoe_overflow_large_starburst, serial_shops,
          nicolae_diamond_shop, palyth_stone_intersect, uniq_pikel, uniq_duvessa
D:8:      layout_basic, erik_lair_dragon, serial_shops, shop,
          kennysheep_opposing_triangles, uniq_erica, uniq_joseph
D:9:      layout_basic, nicolae_overflow_hidden_temple,
          chequers_serial_rivers_large_b, uniq_maggie
D:10:     layout_long_grid, kennysheep_generic_room_16
D:11:     layout_layer_cave
D:12:     layout_long_grid, orc_david_3, grunt_ministairs_9,
          serial_bayou_pond_b, chequers_garden, kennysheep_generic_room_12,
          uniq_maurice, uniq_azrael
Temple:   nicolae_temple_no_exploring_needed
Lair:1:   layout_small_grid, lemuel_fruit_tree
Lair:2:   layout_misc_corridors, evilmike_ambush [evilmike_ambush_outer_doors,
          evilmike_ambush_inner_cross], uniq_urug, uniq_gastronok

Skill      XL: |  1  2  3  4  5  6  7  8  9 10 11 12 |
---------------+-------------------------------------+-----
Hexes          | 4 5 7 8 |  8.1
Short Blades   | 2 3 4 5 6 8 10 12 | 12.7
Spellcasting   | 3 4 6 7 8 |  8.5
Stealth        | 5 7 9 10 | 10.0
Ice Magic      | 1 2 3 |  3.1
Dodging        | 3 4 5 8 |  8.9
Fighting       | 1 3 5 6 |  6.5
Evocations     | 4 |  4.0
Conjurations   | 2 |  2.0
Long Blades    | |  0.3
Axes           | |  0.2
Maces & Flails | |  0.1
Polearms       | |  0.1
Staves         | |  0.3
Ranged Weapons | |  0.5
Throwing       | |  0.7
Armour         | |  0.1
Shields        | |  0.3
Unarmed Combat | |  0.3
Summonings     | |  0.2
Necromancy     | |  0.2
Translocations | |  0.6
Transmutations | |  0.6
Fire Magic     | |  0.5
Air Magic      | |  0.3
Earth Magic    | |  0.3
Poison Magic   | |  0.4
Invocations    | |  0.6

Action                   |  1- 3 |  4- 6 |  7- 9 | 10-12 || total
-------------------------+-------+-------+-------+-------++-------
Melee: Dagger            |   124 |   116 |   199 |       ||   439
       Punch             |       |     1 |     2 |     8 ||    11
       Quick blade       |       |       |     8 |   415 ||   423
 Cast: Ensorcelled Hiber |    31 |    35 |    63 |    97 ||   226
       Confusing Touch   |       |     3 |     9 |    16 ||    28
       Tukima's Dance    |       |     1 |       |       ||     1
       Dazzling Flash    |       |       |     4 |    19 ||    23
Evoke: Wand              |       |     2 |     2 |     8 ||    12
  Use: Potion            |     1 |     3 |     2 |     2 ||     8
       Scroll            |     2 |     6 |     8 |    10 ||    26
 Stab: Invisible         |     3 |     1 |     4 |    24 ||    32
       Sleeping          |    29 |    24 |    49 |    49 ||   151
       Confused          |       |     2 |    10 |    16 ||    28
Armor: Robe              |     8 |     8 |    11 |    13 ||    40
Dodge: Dodged            |    84 |   113 |   116 |   315 ||   628

Table legend: (Time is in decaauts)
 A = Elapsed time spent in this place.
 B = Non-inter-level travel time spent in this place.
 C = Inter-level travel time spent in this place.
 D = Time resting spent in this place.
 E = Time spent auto-exploring this place.
 F = Levels seen in this place.
 G = Mean time per level.
                   A        B        C        D        E       F      G
               +--------+--------+--------+--------+--------+-----+--------+
         Total |  10536 |   9969 |    567 |    160 |   7811 |  15 |  702.4 |
       Dungeon |   9653 |   9098 |    555 |    160 |   7094 |  12 |  804.4 |
        Temple |     11 |      7 |      4 |      0 |      0 |   1 |   11.0 |
          Lair |    870 |    863 |      7 |      0 |    717 |   2 |  435.0 |
               +--------+--------+--------+--------+--------+-----+--------+

Top non-repeatable levels by time:
     D:8: 1304 daAuts
     D:3: 1131 daAuts
     D:5: 1046 daAuts
     D:1: 995 daAuts
    D:10: 974 daAuts
     D:4: 874 daAuts
  Lair:1: 847 daAuts
     D:6: 791 daAuts
    D:11: 767 daAuts
     D:9: 740 daAuts
     D:7: 693 daAuts
     D:2: 311 daAuts
  Lair:2: 23 daAuts
    D:12: 22 daAuts
  Temple: 11 daAuts
